 Dungeon Crawl Stone Soup version 0.26-a0-540-g8a0c9464d7 (webtiles) character file.

Game seed: 9095114232069547026

(classic levelgen) 942 EnegeticOcto the Cleaver (level 7, 29/61 HPs)
             Began as a Deep Dwarf Fighter on Aug 18, 2020.
             Quit the game on level 10 of the Dungeon.
             The game lasted 00:03:58 (776 turns).

EnegeticOcto the Cleaver (Deep Dwarf Fighter)        Turns: 776, Time: 00:03:59

Health: 29/61      AC:  6    Str: 21    XL:     7   Next: 88%
Magic:  6/6        EV:  7    Int: 13    God:
Gold:   93         SH: 11    Dex: 12    Spells: 6/6 levels left

rFire    . . .     SeeInvis .   a - +0 war axe
rCold    . . .     Faith    .   c - +2 kite shield
rNeg     . . .     Spirit   .   o - +0 scale mail of Hopscotch {rElec Int+4} (curse)
rPois    .         Reflect  .   (no helmet)
rElec    +         Harm     .   (no cloak)
rCorr    .                      (no gloves)
MR       +....                  (no boots)
Stlth    ..........             n - amulet of regeneration
HPRegen  0.00/turn              (no ring)
MPRegen  0.10/turn              (no ring)

@: non-regenerating
A: damage resistance, heal wounds, sense surroundings 1, no regeneration
a: Heal Wounds


You were on level 10 of the Dungeon.
You visited 1 branch of the dungeon, and saw 8 of its levels.

You collected 93 gold pieces.

Inventory:

Hand Weapons
 a - a +0 war axe (weapon)
Armour
 b - a +0 scale mail
 c - a +2 kite shield (worn)
 m - a +0 chain mail
 o - the cursed +0 scale mail of Hopscotch (worn) {rElec Int+4}
   (You found it on level 6 of the Dungeon)

   It affects your intelligence (+4).
   It insulates you from electricity.
   It has a curse placed upon it.
Jewellery
 l - a +6 ring of dexterity {unknown}
 n - an amulet of regeneration (around neck)
Wands
 f - a wand of acid (11) {@v1}
Potions
 d - a potion of might {@q3}
 e - a potion of cancellation
 g - a potion of resistance {@q6}
 h - a potion of degeneration
 i - a potion of curing {@q1}
 j - 2 potions of magic
 k - 2 potions of lignification {@q7}


   Skills:
 - Level 2.6 Fighting
 + Level 10.1 Axes
 - Level 3.2 Armour
 - Level 3.2 Shields


You had 6 spell levels left.
You didn't know any spells.
Your spell library was empty.

Dungeon Overview and Level Annotations

Branches:
Dungeon (7/15)
 Temple: D:4-7

Altars:


Innate Abilities, Weirdness & Mutations

You are resistant to damage.
You can heal yourself by infusing magical energy.
You passively map a small area around you.
You do not regenerate.


Message History

You hit the hound zombie.
You destroy the hound zombie!
You hit the worker ant. You block the worker ant's attack.
You hit the worker ant.
The worker ant is severely wounded.
You hit the worker ant but do no damage.
The worker ant bites you. You block the worker ant's attack.
The worker ant bites you.
You are more poisoned.
The worker ant poisons you!
You slash the worker ant!
You kill the worker ant!
You closely miss the worker ant. The worker ant barely misses you.
You block the worker ant's attack.
You barely miss the worker ant.
The worker ant is moderately wounded.
You block the worker ant's attack.
You barely miss the worker ant.
The worker ant is moderately wounded.
You block the worker ant's attack.
You closely miss the worker ant.
The worker ant is moderately wounded.
You block the worker ant's attack.
The worker ant bites you but does no damage.
You closely miss the worker ant.
The worker ant is moderately wounded.
You block the worker ant's attack.
You barely miss the worker ant.
The worker ant is moderately wounded.
You block the worker ant's attack.
You slash the worker ant!
The worker ant is almost dead.
The worker ant bites you but does no damage.
You block the worker ant's attack.
You slash the worker ant!
You kill the worker ant!
No target in view!
No target in view!
You see here a worker ant corpse.
Found a stone staircase leading down.
You feel much better.
Found 18 arrows.
You are no longer poisoned.
Found a stone staircase leading down.
An ogre comes into view. It is wielding a +0 giant club.
The ogre shouts!
The ogre moves out of view.
Found 19 gold pieces and a pearl ring.
Found a stone staircase leading up.
A sky beast comes into view.
Found a scroll labeled XEMAZU DEIMYLANOPU.
You slash the ogre!
The ogre is heavily wounded.
The ogre hits you with a +0 giant club!!
You slash the ogre!
The ogre is almost dead.
You block the ogre's attack.
You hit the ogre.
You kill the ogre!
You hit the sky beast.
The sky beast is lightly wounded.
The sky beast barely misses you.
You hit the sky beast.
The sky beast is moderately wounded.
The sky beast hits you but does no damage.
You hit the sky beast.
The sky beast is moderately wounded.
The sky beast hits you but does no damage.
The sky beast hits you. The sky beast shocks you. You resist.
You hit the sky beast.
The sky beast is heavily wounded.
You block the sky beast's attack.
You closely miss the sky beast.
The sky beast is heavily wounded.
You block the sky beast's attack.
You closely miss the sky beast.
The sky beast is heavily wounded.
You block the sky beast's attack.
You slice the sky beast!!
You kill the sky beast!
Your Axes skill increases to level 10!
No target in view!
No target in view!
No target in view!
No target in view!
No target in view!
No target in view!
No target in view!
No target in view!
No target in view!
Found a potion of magic and a scroll labeled QIBLIDWIDIG.
You fail to use your ability.
Found 20 sling bullets.
You now have 93 gold pieces (gained 19).
l - a pearl ring You fall into a shaft and drop 3 floors!
The shaft crumbles and collapses.
Found a war axe and 2 gold pieces.
Found two stone staircases leading down.
Are you sure you want to abandon this character and quit the game? (Confirm with "yes".)

, ,
...........#
* ,
..........#
#.........#
#.....$...#
#.........#
#.........#
#......)..#
#...@.....#
#.........#
#.........#
#....>....#
#.....>...#*
#...........
#...........
#...........


There were no monsters in sight!

Vanquished Creatures
  Sigmund (D:4)
  A sky beast (D:7)
  An ogre (D:7)
  A bullfrog (D:6)
  A bullfrog zombie (D:5)
  An orc priest (D:4)
  4 orc wizards
  2 hounds
  Jessica (D:3)
  Natasha (thrice) (D:3)
  An iguana (D:4)
  3 worker ants
  A hound zombie (D:7)
  4 adders
  An adder zombie (D:6)
  2 dart slugs
  A worm (D:3)
  11 orcs
  A giant cockroach (D:2)
  4 goblins
  3 hobgoblins (D:3)
  A quokka (D:3)
  A ball python (D:3)
  3 bats (D:3)
  2 frilled lizards
  2 kobolds (D:3)
  A leopard gecko skeleton (D:4)
58 creatures vanquished.

Vanquished Creatures (others)
  A bullfrog (D:6)
  A hound (D:6)
  An orc priest (D:6)
  An adder (D:6)
  A leopard gecko (D:6)
  An orc (D:6)
  A jackal (D:6)
7 creatures vanquished.

Grand Total: 65 creatures vanquished

Notes
Turn   | Place    | Note
-------+----------+-------------------------------------------
     0 | D:1      | EnegeticOcto the Deep Dwarf Fighter began the quest for the
                  | Orb.
     0 | D:1      | Reached XP level 1. HP: 20/20 MP: 1/1
    75 | D:3      | Noticed Jessica
    77 | D:3      | Noticed Natasha
    80 | D:3      | Noticed a crimson imp
    80 | D:3      | Noticed a crimson imp
    80 | D:3      | Reached skill level 3 in Axes
    80 | D:3      | Reached XP level 2. HP: 22/27 MP: 2/2
    80 | D:3      | Killed Jessica
    80 | D:3      | Reached skill level 4 in Axes
    80 | D:3      | Reached XP level 3. HP: 28/33 MP: 3/3
    88 | D:3      | Killed Natasha
    88 | D:3      | Reached XP level 4. HP: 31/40 MP: 4/4
   160 | D:3      | Reached skill level 5 in Axes
   269 | D:3      | Noticed Natasha
   277 | D:3      | Killed Natasha
   284 | D:3      | Reached skill level 6 in Axes
   284 | D:3      | Reached XP level 5. HP: 37/46 MP: 5/5
   288 | D:3      | Noticed Natasha
   298 | D:3      | Killed Natasha
   305 | D:4      | Noticed Sigmund
   325 | D:4      | Killed Sigmund
   325 | D:4      | Reached skill level 7 in Axes
   325 | D:4      | Reached XP level 6. HP: 35/55 MP: 5/5
   342 | D:5      | Entered Level 5 of the Dungeon
   400 | D:4      | Reached skill level 8 in Axes
   449 | D:3      | Reached XP level 7. HP: 49/61 MP: 6/6
   600 | D:6      | Got a warped scale mail
   611 | D:6      | Identified the cursed +0 scale mail of Hopscotch {rElec
                  | Int+4} (You found it on level 6 of the Dungeon)
   644 | D:7      | Reached skill level 9 in Axes
   764 | D:7      | Reached skill level 10 in Axes
   775 | D:7      | You fall into a shaft and drop 3 floors!
   775 | D:10     | Entered Level 10 of the Dungeon
   776 | D:10     | Quit the game

Illustrated notes

Levels and vault maps discovered:
D:1:      dpeg_arrival_boxorama, layout_loops_ring, minivault_4,
          corexii_item_surrounded_by_moat, minmay_worlds_worst_comb
D:2:      wad_woods_tower, layout_loops_cross, kennysheep_cluttered_room,
          uniq_terence, uniq_robin
D:3:      layout_loops_ring, uniq_jessica, uniq_natasha
D:4:      layout_cave_pools, goddamned_bats, uniq_duvessa, uniq_sigmund
D:5:      layout_loops_ring, minmay_temple_entry_enclosed_plants,
          portal_sewer_entry_a, okawaru_metal_pillars_3
D:6:      layout_loops_corners, xom_confusion_cloud, uniq_grinder
D:7:      layout_basic, grunt_decor_fettered
D:10:     layout_gridville, nicolae_trove_entry_path_of_doom

Skill      XL: |  1  2  3  4  5  6  7 |
---------------+----------------------+-----
Axes           | 3 4 6 7 8 10 | 10.1
Fighting       | |  2.6
Armour         | |  3.2
Shields        | |  3.2

Action                   |  1- 3 |  4- 6 |  7- 9 || total
-------------------------+-------+-------+-------++-------
Melee: War axe           |    18 |    89 |    59 ||   166
 Abil: Heal Wounds       |     1 |     5 |     1 ||     7
  Use: Scroll            |       |     4 |     5 ||     9
Armor: Scale mail        |    18 |    62 |     8 ||    88
       Chain mail        |       |    11 |     5 ||    16
Dodge: Dodged            |    11 |    40 |    21 ||    72
Block: Kite shield       |    23 |    75 |    43 ||   141

Table legend: (Time is in decaauts)
 A = Elapsed time spent in this place.
 B = Non-inter-level travel time spent in this place.
 C = Inter-level travel time spent in this place.
 D = Time resting spent in this place.
 E = Time spent auto-exploring this place.
 F = Levels seen in this place.
 G = Mean time per level.
                   A        B        C        D        E       F      G
               +--------+--------+--------+--------+--------+-----+--------+
         Total |    816 |    816 |      0 |      0 |      0 |   8 |  102.0 |
       Dungeon |    816 |    816 |      0 |      0 |      0 |   8 |  102.0 |
               +--------+--------+--------+--------+--------+-----+--------+

Top non-repeatable levels by time:
     D:3: 260 daAuts
     D:7: 154 daAuts
     D:6: 145 daAuts
     D:4: 110 daAuts
     D:5: 56 daAuts
     D:1: 47 daAuts
     D:2: 41 daAuts
    D:10: 0 daAuts
